 Dungeon Crawl Stone Soup version 0.21-a0-111-g52d2817 (webtiles) character file.

136725 Gorglomux the Corrupter of Planes (level 17, -3/159 HPs)
             Began as a Hill Orc Abyssal Knight on July 11, 2017.
             Was the Champion of Lugonu.
             Slain by a shambling mangrove (11 damage)
             ... on level 4 of the Swamp.
             The game lasted 01:03:49 (32674 turns).

Gorglomux the Corrupter of Planes (HOAK)           Turns: 32674, Time: 01:03:49

Health: -3/159     AC: 35    Str: 22    XL:     17   Next: 22%
Magic:  29/29      EV:  7    Int: 15    God:    Lugonu [******]
Gold:   825        SH: 15    Dex: 10    Spells: 16/16 levels left

rFire    . . .     SeeInvis .   a - +8 demon blade (flame)
rCold    + + .     Gourm    .   N - +0 shield
rNeg     + + .     Faith    .   f - +7 gold dragon scales
rPois    +         Spirit   .   r - +2 helmet
rElec    +         Reflect  +   t - +0 cloak
rCorr    .         Harm     .   Y - -1 pair of gloves of the Nexus {rF- rN+ Slay+6} (curse)
MR       +....                  F - +0 pair of boots {run}
Stlth    ..........             k - +3 amulet of reflection
HPRegen  0.36/turn              y - ring of the Death Scarab {rElec rC+ rN+ Int+3}
MPRegen  0.21/turn              K - +2 ring of protection

@: very slightly contaminated, invisible, quick
A: no striking features
a: Depart the Abyss, Bend Space, Banish, Corrupt, Enter the Abyss, Brand Weapon
With Distortion, Renounce Religion


You were on level 4 of the Swamp.
You worshipped Lugonu.
Lugonu was exalted by your worship.
You were not hungry.

You visited 4 branches of the dungeon, and saw 27 of its levels.
You visited the Abyss 1 time.
You also visited: Volcano.

You collected 3475 gold pieces.
You spent 2650 gold pieces at shops.

Inventory:

Hand Weapons
 a - a +8 demon blade of flaming (weapon)
 b - the +5 demon whip "Spellbinder" {antimagic, MR+}
   (You found it on level 13 of the Dungeon)

   It reduces the magical energy of the wielder, and disrupts the spells and
   magical abilities of those hit.
   Natural abilities and divine invocations are not affected.
   It affects your resistance to hostile enchantments.
Missiles
 j - 6 steel javelins (quivered)
 Z - 6 throwing nets
Armour
 f - +7 gold dragon scales (worn)
 r - a +2 helmet (worn)
 t - a +0 cloak (worn)
 F - a +0 pair of boots of running (worn)
 N - a +0 shield (worn)
 Y - the cursed -1 pair of gloves of the Nexus (worn) {rF- rN+ Slay+6}
   (You found it on level 1 of the Swamp)

   It affects your accuracy and damage with ranged weapons and melee attacks
   (+6).
   It makes you vulnerable to fire.
   It protects you from negative energy.
   It has a curse placed upon it.
Jewellery
 g - the ring of Feja {rF+ MP+9}
   (You found it on level 15 of the Dungeon)

   [ring of magical power]

   It protects you from fire.
   It affects your magic capacity (+9).
 k - a +3 amulet of reflection (around neck)
 l - the ring "Rusugoepp" {-Tele rPois MR+ SInv}
   (You found it on level 15 of the Dungeon)

   [ring of see invisible]

   It protects you from poison.
   It affects your resistance to hostile enchantments.
   It lets you see invisible.
   It prevents most forms of teleportation.
 p - the ring of Diaqal Biuh {+Fly rN+}
   (You found it on level 13 of the Dungeon)

   [ring of flight]

   It protects you from negative energy.
   It lets you fly.
 y - the ring of the Death Scarab (left hand) {rElec rC+ rN+ Int+3}
   (You found it on level 15 of the Dungeon)

   [ring of protection from cold]

   It affects your intelligence (+3).
   It protects you from cold.
   It insulates you from electricity.
   It protects you from negative energy.
 K - a +2 ring of protection (right hand)
Wands
 d - a wand of digging (10/24)
 A - a wand of acid (2/15)
 I - a wand of iceblast (5/15)
 O - a wand of clouds (1/9)
 P - a wand of paralysis (20/24)
 S - a wand of scattershot (3/9)
Scrolls
 e - 14 scrolls of remove curse
 n - a scroll of recharging
 o - a scroll of fog
 x - 3 scrolls of fear
 C - a scroll of brand weapon
 M - 5 scrolls of magic mapping
 R - 8 scrolls of identify
 T - 9 scrolls of teleportation
 W - 4 scrolls of immolation
Potions
 i - 5 potions of might
 q - 2 potions of ambrosia
 u - 4 potions of agility
 v - a potion of resistance
 w - 4 potions of flight
 B - 9 potions of berserk rage
 D - 5 potions of mutation {!q}
 G - 6 potions of haste
 J - 4 potions of invisibility
 Q - 12 potions of curing
 U - 2 potions of heal wounds
 V - 2 potions of magic
Miscellaneous
 E - a lightning rod (inert)
 X - a phial of floods (inert)
Comestibles
 c - 9 bread rations
 h - 2 royal jellies
 z - 5 meat rations
 H - 3 chunks of flesh


   Skills:
 - Level 16.3 Fighting
 - Level 14.1 Long Blades
   Level 7.3 Axes
 + Level 12.6 Armour
 + Level 8.4 Dodging
 + Level 12.3 Shields
 - Level 17.4 Invocations


You had 16 spell levels left.
You didn't know any spells.

Dungeon Overview and Level Annotations

Branches:
Dungeon (15/15)            Temple (0/1) D:4            Lair (6/6) D:8
  Swamp (4/4) Lair:3        Snake (0/4) Lair:2        Slime (0/5) Lair:5
    Orc (2/2) D:11            Elf (0/3) Orc:2        Vaults (0/5) D:14
 Depths (0/5) D:15

Altars:
Ashenzari
Nemelex Xobeh
Uskayaw
Xom
Beogh

Shops:
D:9 %((!   D:15 [=*   Orc:2 *:::

Annotations:
Lair:1 1 exclusion
Lair:4 corrupted
Swamp:3 corrupted
Swamp:4 Lernaean hydra
Abyss:1 Agnes, Azrael, Josephine, Kirke, Urug


Message History

The shambling mangrove reaches out with a gnarled limb.
Grasping roots rise from the ground around the shambling mangrove!
You slash the shambling mangrove! You burn the shambling mangrove.
The shambling mangrove is moderately damaged.
You block the shambling mangrove's attack.
Unknown command.
You barely miss the shambling mangrove.
The shambling mangrove is moderately damaged.
Unknown command.
You slash the shambling mangrove! You burn the shambling mangrove.
The shambling mangrove is heavily damaged.
The shambling mangrove hits you!
* * * LOW HITPOINT WARNING * * *
Unknown command.
You slash the shambling mangrove! You burn the shambling mangrove.
The shambling mangrove is severely damaged.
You feel yourself speed up.
Angry insects surge out from beneath the shambling mangrove's foliage!
The shambling mangrove hits you!
You die...

♣♣♣ #≈≈≈. ..§≈
♣♣..♣♣♣♣♣♣≈.≈≈≈..≈.≈...
≈≈.≈≈≈≈≈≈♣♣.....≈§≈≈≈≈.
≈≈≈≈≈≈≈≈.......≈≈≈≈≈≈≈≈
≈≈§≈≈≈≈§.≈§≈.≈...≈≈≈≈≈.
♣...§≈.....≈♣♣.≈≈§≈≈≈≈.
♣≈≈≈≈≈.≈≈§.≈≈≈≈≈≈≈.≈..
♣..≈≈≈.†≈y≈...≈≈≈≈≈...
...♣..y@f≈..§†††≈≈≈≈...
......♣♣≈y≈≈≈♣.†≈≈≈≈.≈≈
≈≈≈≈≈≈ ♣♣≈≈≈≈♣♣≈.≈.≈.≈.
≈≈≈≈≈ ♣♣...≈♣♣♣♣.≈≈..
.≈≈≈. ♣♣♣♣≈.♣ ≈≈.≈.
≈... ♣..♣ ≈... .≈≈.
♣≈.. ≈≈≈ ♣≈. ≈..


You could see a shambling mangrove and 3 hornets.

Vanquished Creatures
  2 thorn hunters
  A very ugly thing (Swamp:1)
  Snorg (D:14)
  2 ettins (D:15)
  A yaktaur captain (D:15)
  5 ogre magi
  4 vault guards (D:15)
  2 ghost crabs (Swamp:1)
  15 hydras
  7 centaur warriors
  5 two-headed ogres
  4 alligators
  Erica (D:10)
  2 deep troll shamans (D:15)
  2 tengu warriors
  7 death yaks
  A hell hog (Volcano)
  A naga sharpshooter (D:15)
  7 skeletal warriors
  A deep troll (D:15)
  A spriggan druid (Swamp:4)
  3 swamp dragons
  3 shambling mangroves
  A necromancer (D:15)
  2 lindwurms
  3 wolf spider zombies
  A wolf spider (D:13)
  6 orc knights
  2 deep elf magi
  7 ugly things
  2 slime creatures (Swamp:2)
  3 manticores
  2 salamanders (Volcano)
  7 cyclopes
  An orc sorcerer (Orc:1)
  2 guardian serpents (D:15)
  8 elephants
  5 black mambas
  A guardian serpent (shapeshifter) (D:15)
  2 gargoyles (D:13)
  A naga mage (D:15)
  15 spiny frogs
  A kobold demonologist (D:15)
  A rime drake (Lair:4)
  2 komodo dragons
  A yaktaur (D:15)
  An efreet (D:15)
  A redback zombie (D:13)
  A tengu conjurer (D:15)
  7 trolls
  A wind drake (shapeshifter) (D:13)
  A meliai (D:15)
  2 polar bears
  6 tyrant leeches
  A wolf spider simulacrum (D:15)
  8 hornets
  4 blink frogs (Lair:6)
  7 dream sheep (Lair:5)
  12 bog bodies
  A raiju (shapeshifter) (D:15)
  9 hippogriffs
  A centaur simulacrum (D:15)
  A vampire (D:14)
  A shadow (D:11)
  5 wyverns
  An air elemental (Orc:2)
  3 basilisks
  27 yaks
  4 spriggans
  4 hogs
  2 fire bats (Volcano)
  4 fire elementals
  A hungry ghost (D:13)
  6 vampire mosquitoes
  7 nagas
  6 wargs (Orc:2)
  14 water moccasins
  16 swamp worms
  3 acid dragons
  9 insubstantial wisps
  2 floating eyes (D:15)
  10 porcupines
  A hell hound (D:11)
  Duvessa (D:5)
  10 swamp drakes
  2 sky beasts
  36 orc warriors
  3 necrophages
  3 boggarts (D:15)
  5 ice beasts
  3 black bears
  An eye of draining (D:13)
  14 wolves
  12 ogres
  6 centaurs
  10 crocodiles
  6 big kobolds
  30 bullfrogs
  A wyvern zombie (D:8)
  A gnoll sergeant (D:6)
  Dowan (D:5)
  6 scorpions
  15 killer bees
  7 wights
  4 howler monkeys
  6 crimson imps
  11 centaur zombies
  2 quasits
  6 jellies
  4 bullfrog skeletons
  3 bullfrog zombies
  10 hounds
  An orc priest (D:6)
  10 orc wizards
  5 centaur skeletons
  Jessica (D:2)
  Natasha (thrice) (D:3)
  4 iguanas
  16 worker ants
  A killer bee zombie (D:8)
  5 hound skeletons
  2 worker ant zombies (D:7)
  Robin (D:2)
  11 gnolls
  8 adders
  6 shadow imps
  3 oozes
  An adder skeleton (D:9)
  14 worms
  10 dart slugs
  4 leopard geckos
  73 orcs
  2 giant cockroaches
  21 goblins
  18 hobgoblins
  9 jackals
  36 kobolds
  2 quokkas
  A ball python (D:4)
  8 bats
  6 frilled lizards
  A jackal skeleton (D:5)
  A leopard gecko zombie (D:7)
  A quokka skeleton (D:4)
  2 quokka zombies
  9 rats
859 creatures vanquished.

Vanquished Creatures (collateral kills)
  Jorgrun (Swamp:3)
  An entropy weaver (D:13)
  A two-headed ogre (D:14)
  A troll (D:13)
  A sky beast (D:13)
  A wight (D:13)
  An orc wizard (D:13)
  An orc priest (D:13)
  2 orcs (D:13)
10 creatures vanquished.

Vanquished Creatures (others)
  Mara (Swamp:3)
  Rupert (Lair:4)
  The ghost of wazuzu the Bludgeoner, an adept OgMo of Dithmenos (Swamp:2)
  The ghost of Ijustatesigmund the Grappler, a journeyman TrMo of Cheibriados (Lair:5)
  2 slime creatures (D:9)
  A hydra (Lair:5)
  A centaur warrior (D:15)
  An ogre mage (D:15)
  A two-headed ogre (D:10)
  The ghost of Slowdrip the Prestidigitator, a novice DrTm of Nemelex Xobeh (D:9)
  An orc knight (Orc:2)
  An oklob plant (Lair:6)
  An ugly thing (D:9)
  A cyclops (Orc:2)
  A black mamba (Lair:6)
  A kobold demonologist (D:7)
  A tyrant leech (Swamp:3)
  A hungry ghost (D:8)
  5 wraiths (Lair:4)
  2 vampire mosquitoes (Swamp:4)
  5 centaurs
  A crocodile (Lair:4)
  A hound zombie (D:8)
  2 orcs
  4 kobolds
  13 fungi
  12 plants
  2 starspawn tentacles (Swamp:3)
66 creatures vanquished.

Grand Total: 935 creatures vanquished

Notes
Turn   | Place    | Note
-------+----------+-------------------------------------------
     0 | Abyss:1  | Gorglomux the Hill Orc Abyssal Knight began the quest for the Orb.
     0 | Abyss:1  | Reached XP level 1. HP: 19/19 MP: 2/2
     8 | D:1      | Escaped the Abyss
    22 | D:1      | Reached skill level 3 in Axes
    66 | D:1      | Found a sparkling altar of Nemelex Xobeh.
    78 | D:1      | Reached XP level 2. HP: 21/27 MP: 3/3
   540 | D:1      | Reached XP level 3. HP: 33/33 MP: 4/4
   861 | D:2      | Reached ** piety under Lugonu
   913 | D:2      | HP: 1/34 [worm (10)]
  1316 | D:2      | Reached XP level 4. HP: 36/41 MP: 5/5
  1728 | D:2      | Noticed Robin
  2017 | D:2      | Killed Robin
  2205 | D:2      | Noticed Jessica
  2211 | D:2      | Killed Jessica
  2211 | D:2      | Reached XP level 5. HP: 37/48 MP: 6/6
  2538 | D:3      | Noticed Natasha
  2545 | D:3      | Killed Natasha
  2597 | D:3      | Reached *** piety under Lugonu
  2624 | D:3      | Noticed Natasha
  2630 | D:3      | Killed Natasha
  2645 | D:3      | Found a shattered altar of Ashenzari.
  2700 | D:3      | Noticed Natasha
  2703 | D:3      | Killed Natasha
  2703 | D:3      | Reached skill level 6 in Fighting
  2703 | D:3      | Reached XP level 6. HP: 53/57 MP: 6/8
  3322 | D:4      | Reached skill level 6 in Axes
  3332 | D:4      | Reached skill level 3 in Invocations
  3673 | D:4      | Reached skill level 4 in Invocations
  3820 | D:4      | Found a staircase to the Ecumenical Temple.
  3949 | D:4      | Reached **** piety under Lugonu
  3949 | D:4      | Reached XP level 7. HP: 15/64 MP: 10/10
  4405 | D:5      | Entered Level 5 of the Dungeon
  4583 | D:5      | Noticed Dowan
  4585 | D:5      | Noticed Duvessa
  4630 | D:5      | Killed Duvessa
  4630 | D:5      | Reached skill level 5 in Invocations
  4641 | D:5      | Killed Dowan
  5474 | D:5      | Reached XP level 8. HP: 60/73 MP: 12/12
  5658 | D:6      | Reached skill level 1 in Shields
  5701 | D:6      | Reached skill level 3 in Armour
  5701 | D:6      | Reached skill level 6 in Invocations
  5968 | D:6      | Reached skill level 3 in Shields
  5968 | D:6      | Reached skill level 7 in Invocations
  6208 | D:6      | Reached XP level 9. HP: 58/82 MP: 14/14
  7088 | D:7      | Reached skill level 9 in Fighting
  7099 | D:7      | Reached skill level 8 in Invocations
  7323 | D:7      | Reached ***** piety under Lugonu
  7564 | D:7      | Noticed a kobold demonologist
  7567 | D:7      | Banished a kobold demonologist
  7905 | D:8      | Reached skill level 6 in Armour
  7913 | D:8      | Found a staircase to the Lair.
  7913 | D:8      | Noticed an elephant
  7938 | D:8      | Killed an elephant
  7938 | D:8      | Reached skill level 9 in Invocations
  7938 | D:8      | Reached XP level 10. HP: 79/92 MP: 16/16
  8007 | D:8      | HP: 4/92 [yak (10)]
  8046 | D:8      | HP: 6/139 [basilisk (3)]
  8065 | D:8      | Reached skill level 6 in Shields
  9511 | D:8      | Reached skill level 1 in Long Blades
  9774 | D:9      | Reached skill level 3 in Long Blades
  9852 | D:9      | Found Vahypij's Antique Weapon Emporium.
  9896 | D:9      | Found a sparkling altar of Nemelex Xobeh.
 10008 | D:9      | Noticed Slowdrip's ghost (novice DrTm)
 10261 | D:9      | Found Dexkiery's Food Shoppe.
 10412 | D:9      | Noticed a brown ugly thing
 10431 | D:9      | Banished a brown ugly thing
 10431 | D:9      | Reached skill level 6 in Long Blades
 10600 | D:9      | Banished an enormous slime creature
 10605 | D:9      | Reached XP level 11. HP: 42/100 MP: 6/18
 10717 | D:9      | Banished Slowdrip's ghost
 11203 | D:9      | Found Ohifeax's Antique Weapon Shop.
 11244 | D:9      | Reached skill level 9 in Long Blades
 11729 | D:9      | Found Zuuqa's Distillery.
 11734 | D:9      | Bought 2 potions of haste for 280 gold pieces
 11734 | D:9      | Bought a potion of flight for 42 gold pieces
 11734 | D:9      | Bought a potion of might for 56 gold pieces
 11734 | D:9      | Bought a potion of might for 56 gold pieces
 11734 | D:9      | Bought a potion of agility for 56 gold pieces
 11836 | D:9      | Noticed a two-headed ogre
 11843 | D:9      | Killed a two-headed ogre
 12010 | D:10     | Entered Level 10 of the Dungeon
 12034 | D:10     | Noticed a two-headed ogre
 12038 | D:10     | Banished a two-headed ogre
 12168 | D:10     | Noticed Erica
 12183 | D:10     | Killed Erica
 12900 | D:11     | Noticed an eight-headed hydra
 12909 | D:11     | Killed a three-headed hydra
 12909 | D:11     | Reached skill level 12 in Long Blades
 12922 | D:11     | Found a staircase to the Orcish Mines.
 13396 | Lair:1   | Entered Level 1 of the Lair of Beasts
 13439 | Lair:1   | Reached XP level 12. HP: 78/106 MP: 19/19
 15163 | Lair:2   | Reached skill level 1 in Dodging
 15630 | Lair:2   | Found a hide-covered altar of Uskayaw.
 15895 | Lair:2   | Found a staircase to the Snake Pit.
 16398 | Lair:3   | Found a dark tunnel.
 16598 | Volcano  | Entered a volcano
 16620 | Volcano  | Noticed a two-headed ogre
 16624 | Volcano  | Killed a two-headed ogre
 16631 | Volcano  | Reached skill level 12 in Fighting
 16641 | Volcano  | Noticed a hell hog
 16647 | Volcano  | Killed a hell hog
 17022 | Lair:3   | Found a staircase to the Swamp.
 17093 | Lair:3   | Identified a scroll of acquirement
 18011 | Lair:4   | Reached XP level 13. HP: 116/122 MP: 20/20
 18364 | Lair:4   | Noticed Josephine
 18365 | Lair:4   | Banished Josephine
 18369 | Lair:4   | Noticed Rupert
 18375 | Lair:4   | Corrupted Lair:4
 18375 | Lair:4   | Noticed a starcursed mass
 18375 | Lair:4   | Noticed a starcursed mass
 18375 | Lair:4   | Noticed a rakshasa
 18382 | Lair:4   | Killed Rupert
 18579 | Lair:4   | Noticed Urug
 18579 | Lair:4   | Banished Urug
 19123 | Lair:5   | Noticed Ijustatesigmund's ghost (journeyman TrMo)
 19125 | Lair:5   | Banished Ijustatesigmund's ghost
 19426 | Lair:5   | Reached skill level 15 in Fighting
 19885 | Lair:5   | Found a staircase to the Slime Pits.
 20211 | Lair:6   | Entered Level 6 of the Lair of Beasts
 20580 | Lair:6   | Reached skill level 10 in Invocations
 20962 | Lair:6   | Got a translucent broad axe
 20963 | Lair:6   | Identified the +3 broad axe of the Desolation of Salt {flame, rPois rF+ Int+3} (You acquired it on level 6 of the Lair of Beasts)
 21018 | Lair:6   | Reached skill level 11 in Invocations
 21394 | Lair:6   | Reached skill level 12 in Invocations
 21394 | Lair:6   | Reached XP level 14. HP: 49/135 MP: 6/23
 21800 | Lair:6   | Reached skill level 13 in Invocations
 22073 | D:12     | Noticed Azrael
 22082 | D:12     | Banished Azrael
 22469 | D:12     | Noticed Kirke
 22506 | D:11     | Reached skill level 14 in Invocations
 22679 | D:11     | Banished Kirke
 23094 | D:13     | Reached skill level 15 in Invocations
 23332 | D:13     | Got a sparkling ivory ring
 23509 | D:13     | Noticed Frances
 23554 | D:13     | Noticed Frances
 23554 | D:13     | Frances changed into Frances the entropy weaver
 23563 | D:13     | Killed Frances the entropy weaver
 23834 | D:13     | Identified the ring of Diaqal Biuh {+Fly rN+} (You found it on level 13 of the Dungeon)
 23861 | D:13     | Reached skill level 16 in Invocations
 24106 | D:13     | Reached skill level 17 in Invocations
 24418 | D:14     | Noticed Snorg
 24427 | D:14     | Killed Snorg
 24504 | D:14     | Reached XP level 15. HP: 141/141 MP: 27/27
 24595 | D:14     | Reached skill level 3 in Dodging
 24732 | D:14     | Found a gate to the Vaults.
 25065 | D:14     | Found a shimmering altar of Xom.
 25209 | D:15     | Entered Level 15 of the Dungeon
 25248 | D:15     | Noticed Agnes
 25248 | D:15     | Banished Agnes
 25248 | D:15     | Reached skill level 9 in Armour
 25438 | D:15     | Got a transparent turquoise ring
 25442 | D:15     | Identified the ring of the Death Scarab {rElec rC+ rN+ Int+3} (You found it on level 15 of the Dungeon)
 25464 | D:15     | Found Texeawun's Assorted Antiques.
 25526 | D:15     | Reached ****** piety under Lugonu
 25549 | D:15     | Got a serpentine platinum amulet
 25550 | D:15     | Identified the amulet "Ruschul" {*Slow +Rage rElec rN+++ Int+3} (You found it on level 15 of the Dungeon)
 25601 | D:15     | Got a vibrating amber ring
 25603 | D:15     | Identified the ring "Rusugoepp" {-Tele rPois MR+ SInv} (You found it on level 15 of the Dungeon)
 26013 | D:15     | Found Mefop's Jewellery Emporium.
 26061 | D:15     | Reached skill level 9 in Shields
 26161 | D:15     | Got a flickering golden ring
 26163 | D:15     | Identified the ring of Feja {rF+ MP+9} (You found it on level 15 of the Dungeon)
 26385 | D:15     | Paralysed by a floating eye for 2 turns
 27052 | D:15     | Found Utoczi's Armour Emporium.
 27067 | D:15     | Identified a +0 pair of boots of running (You found it on level 15 of the Dungeon)
 27137 | D:15     | Reached XP level 16. HP: 144/151 MP: 28/28
 27315 | D:15     | Found a staircase to the Depths.
 27388 | D:15     | Reached skill level 6 in Dodging
 27490 | Orc:1    | Entered Level 1 of the Orcish Mines
 28228 | Orc:2    | Entered Level 2 of the Orcish Mines
 28228 | Orc:2    | Found a staircase to the Elven Halls.
 28656 | Orc:2    | Found Pofreu's Book Emporium.
 28657 | Orc:2    | Found Ludoud's Assorted Antiques.
 28720 | Orc:2    | Bought a scroll of teleportation for 63 gold pieces
 28720 | Orc:2    | Bought a scroll labeled SAMELO HAXEEH for 21 gold pieces
 28922 | Orc:2    | Found a roughly hewn altar of Beogh.
 28939 | Orc:2    | Found Ylaviy's Book Boutique.
 28983 | Orc:2    | Found Roanuedel's Book Emporium.
 29363 | D:15     | Bought glowing gold dragon scales for 1992 gold pieces
 29373 | D:15     | Bought a scroll of magic mapping for 84 gold pieces
 29583 | Swamp:1  | Entered Level 1 of the Swamp
 30112 | Swamp:1  | Identified the cursed -1 pair of gloves of the Nexus {rF- rN+ Slay+6} (You found it on level 1 of the Swamp)
 30614 | Swamp:2  | Noticed wazuzu's ghost (adept OgMo)
 30624 | Swamp:2  | Banished wazuzu's ghost
 31508 | Swamp:3  | Noticed Jorgrun
 31523 | Swamp:3  | Killed Jorgrun
 31523 | Swamp:3  | Reached skill level 12 in Armour
 31967 | Swamp:3  | Noticed a thorn hunter
 31981 | Swamp:3  | Killed a thorn hunter
 32106 | Swamp:3  | Noticed Mara
 32112 | Swamp:3  | Corrupted Swamp:3
 32112 | Swamp:3  | Noticed a tentacled starspawn
 32117 | Swamp:3  | Noticed Gorglomux's illusion
 32120 | Swamp:3  | Killed Mara
 32410 | Swamp:4  | Entered Level 4 of the Swamp
 32481 | Swamp:4  | Reached XP level 17. HP: 158/159 MP: 29/29
 32524 | Swamp:4  | Reached skill level 12 in Shields
 32613 | Swamp:4  | Noticed the 27-headed Lernaean hydra
 32674 | Swamp:4  | Slain by a shambling mangrove

Vault maps used:
D:1:      dpeg_arrival_pits, minmay_door_square,
          nemelex_xobeh_ov_fountains_minmay
D:2:      uniq_robin, uniq_jessica
D:3:      cheibrodos_ashenzari_chains, grunt_ministairs_9, hex_tiny,
          minmay_statues_item, uniq_natasha
D:4:      kennysheep_slugbush, minmay_temple_entry_hall, first_bread
D:5:      uniq_duvessa
D:7:      serial_undead, serial_undead_b, serial_undead_d, serial_undead_d,
          serial_undead_a, the_bakery, minmay_three_doors
D:8:      david_lair_generic
D:9:      lemuel_ogre_cave, serial_shops, nicolae_shop_overgrown_old_shop, shop,
          shop, kennysheep_mini, minmay_misc_feat_doors,
          nemelex_diamond_rough_becter
D:10:     uniq_erica
D:11:     orc_0_dummy, serial_curves, eino_curves_02, eino_curves_02,
          eino_curves_02, eino_curves_02
D:12:     uniq_kirke, uniq_azrael
D:13:     minmay_the_grid_4x2, uniq_frances
D:14:     david_vaults_2, serial_bayou_pond_d, basic_altar, uniq_snorg
D:15:     hangedman_spin_cycle, serial_shops, uniq_agnes
Lair:1:   worms_lemuel
Lair:2:   minmay_snake_entry_guardpost_large, basic_altar
Lair:3:   swamp_mist_pool, nicolae_volcano_entry_vermiform, st_stairs_10,
          infiniplex_staircase_pool_2
Lair:4:   grunt_forest_small_clearings, uniq_urug, uniq_rupert, uniq_josephine
Lair:5:   nicolae_slime_entry_slimehenge, beast_lair_carwin_4
Lair:6:   grunt_lair_end_beastmaster
Swamp:1:  evilmike_swamp_ruin_house_6, swamp_pool5, infiniplex_staircase_pool
Swamp:2:  evilmike_swamp_ruin_house_1
Swamp:3:  evilmike_swamp_ruin_house_3, uniq_mara, uniq_jorgrun
Swamp:4:  grunt_swamp_rune_castle, uniq_roxanne
Orc:1:    cheibrodos_orc_bank, uniq_erolcha
Orc:2:    st_orc_town
Abyss:1:  lemuel_firewalk_3, evilmike_abyss_exit_glass,
          hangedman_abyss_feature_spike
Volcano:  volcano_village

Skill      XL: |  1  2  3  4  5  6  7  8  9 10 11 12 13 14 15 16 17 |
---------------+----------------------------------------------------+-----
Axes           | 3 4 5 6 7 |  7.3
Fighting       | 4 5 6 7 8 9 10 13 15 16 | 16.3
Invocations    | 4 5 7 9 12 17 | 17.4
Shields        | 3 5 6 7 9 11 12 | 12.3
Armour         | 4 6 7 8 10 12 | 12.6
Long Blades    | 7 12 14 | 14.1
Dodging        | 1 2 5 7 8 |  8.4

Action                   |  1- 3 |  4- 6 |  7- 9 | 10-12 | 13-15 | 16-18 || total
-------------------------+-------+-------+-------+-------+-------+-------++-------
Melee: Hand axe          |   104 |    53 |       |       |       |       ||   157
       Spear             |       |   160 |   596 |    98 |       |       ||   854
       War axe           |       |       |     8 |   183 |       |       ||   191
       Demon blade       |       |       |       |   598 |  1044 |   736 ||  2378
       Demon whip        |       |       |       |       |    30 |       ||    30
Throw: Javelin           |     1 |       |       |     1 |       |       ||     2
Invok: Banish            |       |       |     2 |     9 |    19 |     5 ||    35
       Bend Space        |       |       |       |     2 |     5 |     1 ||     8
       Corrupt           |       |       |       |       |     1 |     1 ||     2
Evoke: Wand              |       |       |       |     1 |     3 |     1 ||     5
       Lightning rod     |       |       |       |       |       |     8 ||     8
       Phial of floods   |       |       |       |       |       |     1 ||     1
  Use: Potion            |       |     2 |     1 |     6 |       |     4 ||    13
       Scroll            |       |       |     9 |    17 |    12 |    13 ||    51
 Stab: Petrified         |       |       |       |       |     9 |       ||     9
       Confused          |       |       |       |       |     1 |       ||     1
       Invisible         |       |       |       |       |       |     5 ||     5
  Eat: Chunk             |    19 |     8 |    16 |    40 |    28 |     1 ||   112
       Royal jelly       |       |       |       |     2 |       |     1 ||     3
       Bread ration      |       |       |       |     2 |       |       ||     2
       Meat ration       |       |       |       |     1 |       |     2 ||     3
       Fruit             |       |       |       |       |    10 |       ||    10
Armor: Leather armour    |    27 |    45 |       |       |       |       ||    72
       Chain mail        |       |    81 |   265 |   396 |       |       ||   742
       Skin              |       |       |       |    85 |       |       ||    85
       Plate armour      |       |       |       |   124 |   547 |    97 ||   768
       Gold dragon scale |       |       |       |       |       |   326 ||   326
Dodge: Dodged            |    50 |   117 |   116 |   232 |   193 |   143 ||   851
Block: Shield            |       |       |   200 |   466 |   539 |   479 ||  1684
       Reflection        |       |       |       |       |    34 |    11 ||    45
       Rpst.: Demon blade |       |       |       |    30 |    42 |    31 ||   103
